 Dungeon Crawl Stone Soup version 0.19.0-2-gae57169 (webtiles) character file.

65 usedmeteor the Sneak (level 3, -1/35 HPs)
             Began as a Troll Assassin on Nov 4, 2016.
             Slain by a jackal (3 damage)
             ... on level 3 of the Dungeon.
             The game lasted 00:12:29 (1181 turns).

usedmeteor the Sneak (Troll Assassin)               Turns: 1181, Time: 00:12:29

Health: -1/35      AC:  5    Str: 19    XL:     3   Next: 92%
Magic:  2/2        EV:  9    Int:  7    God:
Gold:   124        SH:  0    Dex: 12    Spells: 0 memorised, 2 levels left

rFire  + . .     SeeInvis .     a - +2 dagger
rCold  + + .     Gourm    +     c - +0 robe
rNeg   . . .     Faith    .     (no shield)
rPois  .         Spirit   .     (helmet restricted)
rElec  .         Reflect  .     d - +0 cloak
rCorr  .         Harm     .     (gloves unavailable)
MR     .....                    (boots unavailable)
Stlth  ++........               (no amulet)
                                g - ring of protection from cold
                                u - ring of protection from cold

@: no status effects
A: unfitting armour, claws 3, talons 1, deformed body, fire resistance 1, fast
metabolism 3, gourmand, regeneration 1, shaggy fur 1, tough skin 2
a: no special abilities


You were on level 3 of the Dungeon.
You were not hungry.

You visited 1 branch of the dungeon, and saw 3 of its levels.

You collected 124 gold pieces.

Inventory:

Hand Weapons
 a - a +2 dagger (weapon)
 b - a +0 blowgun
 h - a +0 short sword
 i - a +0 club
 k - a +0 hand axe
 l - a +0 hunting sling
 m - a +0 great sword
 p - a +0 dagger
 w - a +0 shortbow
 B - a +0 whip
Missiles
 e - 8 poisoned needles
 f - 2 curare-tipped needles
 n - 121 stones (quivered)
 o - 15 arrows
 x - 27 bolts
Armour
 c - a +0 robe (worn)
 d - a +0 cloak (worn)
 q - a +0 pair of gloves
Jewellery
 g - a ring of protection from cold (right claw)
 u - a ring of protection from cold (left claw)
 y - an uncursed ring of stealth {unknown}
Scrolls
 A - a scroll of remove curse
Potions
 r - a potion of invisibility
 z - a potion of resistance
Comestibles
 j - 2 beef jerkies
 t - a meat ration
 v - 2 royal jellies


   Skills:
 + Level 1.7 Fighting
 + Level 2.1 Short Blades
 + Level 2.0 Throwing
 + Level 0.8 Dodging
 + Level 2.9 Stealth


You had 2 spell levels left.
You didn't know any spells.

Dungeon Overview and Level Annotations

Branches:
Dungeon (3/15)

Altars:


Innate Abilities, Weirdness & Mutations

You are too large for most types of armour.
You have claws for hands.
Your metabolism is lightning-fast.
You like to eat raw meat.
Your natural rate of healing is unusually fast.
You are covered in fur. (AC +1)
You have very tough skin. (AC +2)
You have sharp toenails.
Armour fits poorly on your strangely shaped body.
Your flesh is heat resistant. (rF+)


Message History

An orc comes into view. It is wielding a hand axe.
You barely miss the orc.
The orc shouts!
The orc misses you. The jackal bites you. The orc closely misses you.
The orc barely misses you.
You hit the orc. You claw the orc, but do no damage.
The orc is moderately wounded.
The orc moves out of view.
The jackal bites you. The orc hits you with a hand axe.
You closely miss the orc.
The orc is moderately wounded.
The jackal barely misses you. The orc hits you with a flail!
* * * LOW HITPOINT WARNING * * *
The orc closely misses you. The jackal barely misses you.
The orc hits you with a hand axe.
* * * LOW HITPOINT WARNING * * *
You hit the orc.
The orc is heavily wounded.
The orc barely misses you. The orc closely misses you. The jackal bites you.
You die...

.... ... ... ... o.#..##
#o.#.. #. #..... #.
#.ohg####### #. #.#hoo......
#.## ####.#o@####### # #...
...............
#.#..######.#...##.###.#
#.#..##<....#..........#.#
#...........#....####..#.#
#####..##................#.#
.......###.##.#..#.###......
...#........#.#............#
...#.....#.## #.##..##.#.#.#


You could see 6 orcs, 2 jackals and a hobgoblin.

Vanquished Creatures
  3 adders
  A worm (D:2)
  A dart slug (D:3)
  A leopard gecko (D:2)
  3 orcs (D:3)
  A ball python (D:1)
  5 bats
  4 goblins
  A hobgoblin (D:1)
  4 kobolds
  6 frilled lizards
  3 rats
33 creatures vanquished.

Notes
Turn   | Place    | Note
-------+----------+-------------------------------------------
     0 | D:1      | usedmeteor the Troll Assassin began the quest for the Orb.
     0 | D:1      | Reached XP level 1. HP: 19/19 MP: 0/0
    80 | D:1      | Reached XP level 2. HP: 27/27 MP: 1/1
   516 | D:2      | Reached XP level 3. HP: 32/35 MP: 2/2
   559 | D:2      | Gained mutation: Your flesh is heat resistant. (rF+) [potion of mutation]
   559 | D:2      | Gained mutation: You have sharp toenails. [potion of mutation]
   559 | D:2      | Gained mutation: Armour fits poorly on your strangely shaped body. [potion of mutation]
   746 | D:2      | Found a faded altar of an unknown god.
  1181 | D:3      | Slain by a jackal

Skill      XL: |  1  2  3 |
---------------+----------+-----
Short Blades   | 2 |  2.1
Throwing       | 2 |  2.0
Fighting       | |  1.7
Dodging        | |  0.8
Stealth        | |  2.9

Action                   || total
-------------------------++-------
Melee: Dagger            ||   116
       Kick              ||    18
  Use: Scroll            ||     3
       Potion            ||     9
 Stab: Sleeping          ||     3
       Distracted        ||     1
  Eat: Bread ration      ||     2
Armor: Robe              ||    41
Dodge: Dodged            ||    74
